 Dungeon Crawl Stone Soup version 0.31-a0-1338-gb567cfdca4 (webtiles) character file.

Game seed: 11369854455681076950

4337 bmb222 the Fighter (level 10, -6/102 HPs)
             Began as an Oni Gladiator on Dec 22, 2023.
             Was a Priest of Hepliaklqana.
             Mangled by a death yak (15 damage)
             ... on level 7 of the Dungeon.
             The game lasted 00:07:57 (7517 turns).

bmb222 the Fighter (Oni Gladiator)                  Turns: 7517, Time: 00:07:58

Health: -6/102     AC:  6    Str: 24    XL:     10   Next: 33%
Magic:  10/10      EV: 10    Int:  9    God:    Hepliaklqana [***...]
Gold:   236        SH: 11    Dex: 10    Spells: 9/9 levels left

rFire   + . .        v - +2 whip (venom)
rCold   . . .        I - +0 kite shield
rNeg    + . .        L - +2 robe {rF+}
rPois   .            M - +1 hat
rElec   .            (no cloak)
rCorr   .            (gloves unavailable)
SInv    .            (boots unavailable)
Will    +....        j - amulet of reflection
Stlth   +            G - ring of positive energy
HPRegen 0.37/turn    (no ring)
MPRegen 0.12/turn

%: reflection
@: on berserk cooldown, invisible
A: reduced essence, drunken brawling, large, unfitting armour, horns 1, tough
skin 1, double potion healing
a: Renounce Religion, Recall Ancestor, Ancestor Identity, Transference


You were on level 7 of the Dungeon.
You worshipped Hepliaklqana.
Hepliaklqana was most pleased with you.
You visited 2 branches of the dungeon, and saw 11 of its levels.

You collected 286 gold pieces.
You spent 50 gold pieces at shops.

Inventory:

Hand Weapons
 a - a +0 flail
 r - a +1 whip of pain
 v - a +2 whip of venom (weapon)
 B - a +0 giant spiked club
Missiles
 d - 3 throwing nets (quivered)
 e - a large rock
 o - 28 poisoned darts
 O - 5 atropa-tipped darts
Armour
 b - a +0 robe
 c - a +0 hat
 m - a +2 robe of willpower
 I - a +0 kite shield (worn)
 L - a +2 robe of fire resistance (worn)
 M - a +1 hat (worn)
Jewellery
 j - an amulet of reflection (around neck)
 G - a ring of positive energy (left hand)
 K - a ring of magical power
 N - an amulet of the acrobat
Wands
 y - a wand of flame (15)
 Q - a wand of charming (9)
Scrolls
 g - a scroll of noise {unknown}
 k - a scroll of immolation {unknown}
 l - a scroll of enchant weapon {unknown}
 s - 2 scrolls of poison {unknown}
 t - a scroll of amnesia
 z - a scroll of revelation {unknown}
 A - a scroll of fear {unknown}
 C - a scroll of teleportation {unknown}
 F - 2 scrolls of identify
 H - a scroll of vulnerability {unknown}
 J - a scroll of enchant armour {unknown}
Potions
 n - 2 potions of brilliance {unknown}
 p - a potion of ambrosia {unknown}
 q - a potion of degeneration {unknown}
 u - a potion of attraction {unknown}
 w - 2 potions of mutation {unknown}
 x - 2 potions of berserk rage
 D - a potion of magic
 E - a potion of haste {unknown}
 P - a potion of lignification {unknown}


   Skills:
 * Level 11.5 Fighting
 * Level 9.1 Maces & Flails
 + Level 6.2 Throwing
 + Level 6.1 Dodging


You had 9 spell levels left.
You didn't know any spells.
Your spell library contained the following spells:

 Spells                   Type           Power      Damage    Failure   Level
 Apportation              Tloc           0%         N/A       69%         1
 Freeze                   Ice            0%         1d3       69%         1
 Ensorcelled Hibernation  Hex/Ice        0%         N/A       83%         2
 Jinxbite                 Hex            0%         N/A       83%         2
 Passwall                 Alch/Erth      0%         N/A       83%         2
 Static Discharge         Conj/Air       0%         3-3/arc   83%         2
 Frozen Ramparts          Ice            0%         1d1       96%         3
 Gell's Gravitas          Tloc           0%         N/A       96%         3
 Hailstorm                Conj/Ice       0%         3d5       96%         3
 Inner Flame              Hex/Fire       0%         N/A       96%         3
 Swiftness                Air            0%         N/A       96%         3
 Teleport Other           Tloc           0%         N/A       96%         3
 Airstrike                Air            0%         2d(0-16)  100%        4
 Flame Wave               Conj/Fire      0%         2d4       100%        4
 Sticky Flame             Fire/Alch      0%         2d4       100%        4
 Summon Lightning Spire   Summ/Air       0%         N/A       100%        4
 Alistair's Intoxication  Alch           0%         N/A       100%        5
 Conjure Ball Lightning   Conj/Air       0%         3x3d6     100%        6
 Dispersal                Tloc           0%         N/A       100%        6
 Discord                  Hex            0%         N/A       100%        8
 Disjunction              Tloc           0%         N/A       100%        8


Dungeon Overview and Level Annotations

Branches:
Dungeon (10/15)            Temple (1/1) D:4
   Lair: D:8-11         Orc: D:9-12

Altars:
Cheibriados
Dithmenos
Fedhas
Gozag
Hepliaklqana
Kikubaaqudgha
Makhleb
Nemelex Xobeh
Okawaru
Qazlal
Ru
Sif Muna
Trog
Vehumet
Wu Jian
Xom
Yredelemnul
Zin
The Shining One

Shops:
D:4 =   D:6 *


Innate Abilities, Weirdness & Mutations

Your life essence is reduced to manifest your ancestor. (-10% HP)
Whenever you drink a potion that restores your health or magic, you attack all enemies around you.
You are too large for most types of armour.
You have a pair of small horns on your head.
You have tough skin. (AC +1)
Whenever you drink a potion that restores your health or magic, it restores twice as much.


Message History

The death yak looks as sick as possible!
The death yak is moderately wounded.
You block the death yak's attack.
You hit the death yak.
The death yak looks as sick as possible!
You headbutt the death yak, but do no damage.
The death yak is heavily wounded.
The death yak gores you.
* * * LOW HITPOINT WARNING * * *
You hit the death yak but do no damage.
You headbutt the death yak, but do no damage.
The death yak is heavily wounded.
You feel yourself speed up. The death yak gores you!!
* * * LOW HITPOINT WARNING * * *
You whack the death yak!
The death yak is heavily wounded.
The death yak gores you!
* * * LOW HITPOINT WARNING * * *
You take a swig of the potion and twirl your +2 whip of venom.
You hit the death yak.
The death yak looks as sick as possible!
The death yak is heavily wounded.
You savour every drop.
You feel better. You block the death yak's attack.
You take a swig of the potion and twirl your +2 whip of venom.
You hit the death yak. Your headbutt misses the death yak.
The death yak is severely wounded.
You savour every drop.
You feel better. You block the death yak's attack.
Okay, then.
You take a swig of the potion and twirl your +2 whip of venom.
You barely miss the death yak.
The death yak is severely wounded.
It was a potion of magic.
Magic courses through your body. The death yak gores you!!
* * * LOW HITPOINT WARNING * * *
As you read the scroll labelled ISHRIF QOLOONWI, it crumbles to dust.
It is a scroll of amnesia.
You feel forgetful for a moment.
The death yak snorts and paws the ground.
The death yak gores you!
You die...

..........#.####>#.#
..............#..#.#
..........#.#.##.#.###
._..........#.#......#
.)........###.#..#.#.#
..........# #.#..#.#.#
..........# #.#..#.#.#
..........###.#.Y#.#.#
...............>@#.#.#
#############.#.##.#.#
#.#....#.# #.#.####.#
#.#......#
####.#.###### #....#.#
### #.####.# ..# ###.#
#+#


You could see a death yak (unable to see you, extremely poisoned).

Vanquished Creatures
  A two-headed ogre (D:9)
  A death yak (D:8)
  2 yaks (D:9)
  A water moccasin (D:6)
  An orc warrior (D:9)
  A black bear (D:7)
  2 ogres (D:5)
  A phantom (D:4)
  A bullfrog (D:7)
  3 scorpions
  4 wights (D:7)
  A howler monkey (D:7)
  5 hounds
  A jelly (D:5)
  An iron imp (D:4)
  2 sleepcaps
  Jessica (D:2)
  2 iguanas
  5 orc wizards
  A gnoll (D:4)
  6 adders
  A bombardier beetle (D:3)
  2 white imps
  2 worms
  3 dart slugs
  27 orcs
  10 ball pythons
  3 bats
  3 endoplasms
  A giant cockroach (D:1)
  9 goblins
  8 hobgoblins
  6 jackals
  A quokka (D:1)
  4 frilled lizards
  11 kobolds
  5 rats (D:1)
139 creatures vanquished.

Vanquished Creatures (collateral kills)
  A shadow (D:6)
  2 yaks
  An orc warrior (D:10)
  A sky beast (D:8)
  An ogre (D:6)
  A centaur (D:7)
  A bullfrog (D:7)
  3 wights (D:7)
  3 orc wizards
  An iguana (D:5)
  A sleepcap (D:7)
  A hell rat (D:8)
  3 gnolls (D:7)
  2 white imps (D:7)
  7 orcs
29 creatures vanquished.

Vanquished Creatures (others)
  2 battlemagi
  A kobold (D:3)
3 creatures vanquished.

Grand Total: 171 creatures vanquished

Notes
Turn   | Place    | Note
-------+----------+-------------------------------------------
     0 | D:1      | bmb222 the Oni Gladiator began the quest for the Orb.
     0 | D:1      | Reached XP level 1. HP: 22/22 MP: 1/1
    62 | D:1      | Reached XP level 2. HP: 28/29 MP: 2/2
   100 | D:1      | Reached skill level 3 in Fighting
   578 | D:1      | Reached XP level 3. HP: 37/37 MP: 3/3
   752 | D:2      | Noticed Jessica
   755 | D:2      | Killed Jessica
   892 | D:2      | Reached XP level 4. HP: 41/48 MP: 4/4
  1783 | D:3      | Reached skill level 4 in Fighting
  1843 | D:3      | Found a blossoming altar of Fedhas.
  1885 | D:3      | Found a radiant altar of Vehumet.
  2138 | D:4      | Found a sacrificial altar of Ru.
  2189 | D:4      | Found a staircase to the Ecumenical Temple.
  2218 | Temple   | Entered the Ecumenical Temple
  2236 | Temple   | Became a worshipper of Hepliaklqana the Forgotten
  2276 | D:4      | Reached XP level 5. HP: 52/55 MP: 5/5
  2298 | D:4      | Noticed a phantom
  2305 | D:4      | Killed a phantom
  2311 | D:4      | Reached skill level 5 in Fighting
  2407 | D:4      | Reached XP level 6. HP: 60/66 MP: 6/6
  3147 | D:4      | Found Zibajaff's Jewellery Shop.
  3200 | D:4      | Found a basalt altar of Yredelemnul.
  3363 | D:4      | Found a snail-covered altar of Cheibriados.
  3371 | D:4      | Reached XP level 7. HP: 70/74 MP: 7/7
  3465 | D:4      | Reached * piety under Hepliaklqana
  3691 | D:5      | Entered Level 5 of the Dungeon
  3695 | D:5      | Reached skill level 6 in Fighting
  3695 | D:5      | Reached skill level 5 in Maces & Flails
  3958 | D:5      | Reached skill level 7 in Fighting
  3969 | D:5      | Reached XP level 8. HP: 61/78 MP: 8/8
  4211 | D:5      | Found an ornate altar of the Wu Jian Council.
  4225 | D:5      | Found an ancient bone altar of Kikubaaqudgha.
  4290 | D:5      | Reached ** piety under Hepliaklqana
  4557 | D:6      | Found Vuesm's Assorted Antiques.
  4572 | D:6      | Bought a scroll of identify for 50 gold pieces
  4806 | D:6      | Remembered your ancestor Synnove as a battlemage
  4889 | D:6      | Noticed a shadow
  4896 | D:6      | Killed a shadow
  4897 | D:6      | Reached skill level 8 in Fighting
  5306 | D:7      | Found a bloodstained altar of Trog.
  5326 | D:7      | Found a shimmering blue altar of Sif Muna.
  5649 | D:7      | Reached XP level 9. HP: 81/87 MP: 9/9
  5655 | D:7      | Reached skill level 9 in Fighting
  5655 | D:7      | Reached skill level 5 in Dodging
  5864 | D:7      | Reached skill level 5 in Throwing
  6408 | D:7      | You fall into a shaft and drop 3 floors!
  6408 | D:10     | Entered Level 10 of the Dungeon
  6681 | D:9      | Reached skill level 10 in Fighting
  6713 | D:9      | Noticed a two-headed ogre
  6720 | D:9      | Killed a two-headed ogre
  6721 | D:9      | Reached XP level 10. HP: 68/99 MP: 10/10
  6827 | D:9      | Reached skill level 11 in Fighting
  6869 | D:9      | Found a glowing silver altar of Zin.
  7035 | D:8      | Reached *** piety under Hepliaklqana
  7475 | D:8      | Noticed a death yak
  7477 | D:8      | Noticed a death yak
  7479 | D:8      | Noticed a death yak
  7493 | D:8      | Killed a death yak
  7517 | D:7      | Mangled by a death yak

Illustrated notes

Levels and vault maps discovered:
D:1:      amcnicky_arrival_underground_garden, layout_basic, minmay_ruptured
D:2:      layout_basic, minmay_fountain_box, uniq_jessica
D:3:      layout_rooms, fedhas_ov_isle_minmay, mainiacjoe_overflow_alcove_1,
          minmay_cut_off
D:4:      minmay_inner_zag, layout_basic, mainiacjoe_overflow_cross_hatched,
          slow_altar_1, lemuel_doored_altar, serial_shops,
          nicolae_inconvenience_store, minmay_starry_boxes
D:5:      nicolae_cairo_tiling_large_dashed, layout_loops_ring,
          old_standard_altar, mainiacjoe_overflow_small_starburst
D:6:      layout_rooms, serial_shops, nicolae_shop_tiny_statue_garden
D:7:      layout_basic, overflow_temple_1_default, old_standard_altar,
          serial_corexii_hall, corexii_hall_statues_s, corexii_hall_statues_l,
          uniq_prince_ribbit1
D:8:      layout_loops_corners, dpeg_lair_monsters
D:9:      layout_basic, elyvilon_altar_4,
          nicolae_uskayaw_murder_on_the_dancefloor,
          mainiacjoe_overflow_concentric_impassable
D:10:     layout_roguey, nicolae_overflow_hidden_temple, serial_shops,
          nicolae_shop_rolling_square, shop, minivault_16
Temple:   hellmonk_temple_forest_ring

Skill      XL: |  1  2  3  4  5  6  7  8  9 10 |
---------------+-------------------------------+-----
Fighting       | 3 4 5 7 8 10 11 | 11.5
Dodging        | 3 4 5 6 |  6.1
Maces & Flails | 4 5 7 8 9 |  9.1
Throwing       | 3 4 5 6 |  6.2

Action                     |  1- 3 |  4- 6 |  7- 9 | 10-12 || total
---------------------------+-------+-------+-------+-------++-------
  Melee: Flail             |    61 |   117 |       |       ||   178
         Headbutt          |     5 |    26 |    46 |    11 ||    88
         Punch             |     1 |     2 |       |       ||     3
         Whip              |       |    24 |   201 |    48 ||   273
  Throw: Throwing net      |       |       |     1 |       ||     1
 Invoke: Ancestor Life: Ba |       |       |     1 |       ||     1
         Recall Ancestor   |       |       |     1 |       ||     1
    Use: Scroll            |       |       |     3 |     1 ||     4
         Potion            |       |       |     1 |     6 ||     7
   Stab: Sleeping          |     4 |     1 |     2 |       ||     7
         Distracted        |       |       |     1 |       ||     1
         Invisible         |       |       |       |     1 ||     1
 Armour: Robe              |    39 |    84 |   111 |    31 ||   265
  Dodge: Dodged            |    33 |    62 |    60 |    16 ||   171
  Block: Other             |       |    32 |    22 |       ||    54
         Reflection        |       |     4 |     2 |       ||     6
         Kite shield       |       |       |    53 |    23 ||    76

Table legend: (Time is in decaauts)
 A = Elapsed time spent in this place.
 B = Non-inter-level travel time spent in this place.
 C = Inter-level travel time spent in this place.
 D = Time resting spent in this place.
 E = Time spent auto-exploring this place.
 F = Levels seen in this place.
 G = Mean time per level.
                   A        B        C        D        E       F      G
               +--------+--------+--------+--------+--------+-----+--------+
         Total |   7513 |   7053 |    460 |    330 |   5647 |  11 |  683.0 |
       Dungeon |   7477 |   7051 |    426 |    330 |   5647 |  10 |  747.7 |
        Temple |     36 |      2 |     34 |      0 |      0 |   1 |   36.0 |
               +--------+--------+--------+--------+--------+-----+--------+

Top non-repeatable levels by time:
     D:4: 1532 daAuts
     D:2: 1042 daAuts
     D:7: 1030 daAuts
     D:5: 869 daAuts
     D:6: 804 daAuts
     D:1: 682 daAuts
     D:8: 606 daAuts
     D:3: 431 daAuts
     D:9: 319 daAuts
    D:10: 158 daAuts
  Temple: 36 daAuts
